 Dungeon Crawl Stone Soup version 0.31-a0-818-ge7c7cf74f0 (webtiles) character file.

Game seed: 12981571426302090513

26 SoEpicPie the Cudgeller (level 3, 0/35 HPs)
             Began as a Gnoll Berserker on Sept 7, 2023.
             Was a Follower of Trog.
             Slain by a kobold
             ... wielding a +0 dagger
              (2 damage)
             ... on level 2 of the Dungeon on Sept 22, 2023.
             The game lasted 00:02:37 (1065 turns).

SoEpicPie the Cudgeller (Gnoll Berserker)           Turns: 1065, Time: 00:02:37

Health: 0/35       AC:  2    Str: 18    XL:     3   Next: 8%
Magic:  3/3        EV: 13    Int:  6    God:    Trog [*.....]
Gold:   39         SH:  0    Dex: 11    Spells: 3/3 levels left

rFire   . . .        a - +0 mace
rCold   . . .        (no shield)
rNeg    . . .        b - +0 animal skin
rPois   .            (no helmet)
rElec   .            (no cloak)
rCorr   .            (no gloves)
SInv    .            (no boots)
Will    .....        (no amulet)
Stlth   +            (no ring)
HPRegen 0.25/turn    (no ring)
MPRegen 0.08/turn

%: no passive effects
@: no status effects
A: fangs 1, strong nose, distributed training
a: Renounce Religion, Berserk


You were on level 2 of the Dungeon.
You worshipped Trog.
Trog was aware of your devotion.
You visited 1 branch of the dungeon, and saw 2 of its levels.

You collected 39 gold pieces.

Inventory:

Hand Weapons
 a - a +0 mace (weapon)
Armour
 b - a +0 animal skin (worn)
Scrolls
 c - 2 scrolls of identify {unknown}
 d - a scroll of teleportation {unknown}
 f - a scroll of enchant weapon {unknown}
 g - a scroll of poison {unknown}
Potions
 e - a potion of degeneration {unknown}


   Skills:
 + Level 6.5 Fighting
 + Level 0.6 Short Blades
 + Level 0.6 Long Blades
 + Level 0.6 Axes
 + Level 6.5 Maces & Flails
 + Level 0.6 Polearms
 + Level 0.6 Staves
 + Level 0.6 Ranged Weapons
 + Level 0.6 Throwing
 + Level 4.5 Armour
 + Level 4.5 Dodging
 + Level 0.6 Stealth
 + Level 0.6 Shields
 + Level 0.6 Unarmed Combat
 + Level 0.6 Spellcasting
 + Level 0.4 Conjurations
 + Level 0.4 Hexes
 + Level 0.4 Summonings
 + Level 0.4 Necromancy
 + Level 0.4 Translocations
 + Level 0.4 Transmutations
 + Level 0.4 Fire Magic
 + Level 0.4 Ice Magic
 + Level 0.4 Air Magic
 + Level 0.4 Earth Magic
 + Level 0.4 Poison Magic
 + Level 0.8 Invocations
 + Level 0.6 Evocations
 + Level 0.5 Shapeshifting


You had 3 spell levels left.
You didn't know any spells.
Your spell library was empty.

Dungeon Overview and Level Annotations

Branches:
Dungeon (2/15)

Altars:


Innate Abilities, Weirdness & Mutations

You have very sharp teeth.
Your uncanny sense of smell can sniff out nearby items.
Your experience applies equally to all skills.


Message History

You hit the bat.
The bat is heavily wounded.
The bat hits you but does no damage. The giant cockroach barely misses you.
The giant cockroach bites you but does no damage.
The kobold throws a stone.
The stone hits you.
A hobgoblin comes into view.
The bat hits you but does no damage.
The giant cockroach attacks as it pursues you!
The giant cockroach bites you. The worm bites you.
The kobold throws a stone.
The stone closely misses you.
You barely miss the worm. You bite the worm.
The worm is lightly wounded.
The bat closely misses you. The giant cockroach barely misses you.
The hobgoblin hits you.
The kobold throws a stone.
The stone barely misses you.
You hit the worm but do no damage.
The worm is lightly wounded.
The giant cockroach barely misses you. The bat hits you. The worm bites you!
The hobgoblin hits you.
The kobold throws a stone.
The stone hits you. The giant cockroach bites you.
You hit the worm but do no damage. The bat hits you but does no damage.
The giant cockroach bites you. The hobgoblin misses you. The worm bites you.
* * * LOW HITPOINT WARNING * * *
The bat barely misses you.
You completely miss the worm. You bite the worm, but do no damage.
The bat barely misses you. The bat closely misses you.
The giant cockroach closely misses you. The hobgoblin hits you.
* * * LOW HITPOINT WARNING * * *
The kobold hits you with a +0 dagger.
* * * LOW HITPOINT WARNING * * *
You barely miss the worm. You bite the worm, but do no damage.
The bat closely misses you. The giant cockroach bites you.
* * * LOW HITPOINT WARNING * * *
The hobgoblin misses you. The kobold barely misses you.
The worm barely misses you.
The giant cockroach completely misses you.
Unknown command.
You hit the worm.
The worm is lightly wounded.
The bat hits you but does no damage. x2; The kobold hits you with a +0 dagger.
You die...

...# # ..## #.##
#...### ....#
##......#
#....###<.#
#.....?# .
##.....# ...
#?..KB.#.....
......#.@g......
####.###wb......
#. ...#.<... .
..(.#..... ..
.....###### ..
....... ........
#....###..


You could see a worm, a giant cockroach, a hobgoblin, a bat and a kobold.

Vanquished Creatures
  3 ball pythons (D:1)
  An endoplasm (D:1)
  3 goblins (D:1)
  3 hobgoblins (D:1)
  3 jackals (D:1)
  A quokka (D:1)
  4 bats (D:1)
  A frilled lizard (D:1)
  3 rats (D:1)
22 creatures vanquished.

Notes
Turn   | Place    | Note
-------+----------+-------------------------------------------
     0 | D:1      | SoEpicPie the Gnoll Berserker began the quest for the Orb.
     0 | D:1      | Reached XP level 1. HP: 23/23 MP: 1/1
   113 | D:1      | Reached XP level 2. HP: 11/29 MP: 2/2
   624 | D:1      | Found a faded altar of an unknown god.
   627 | D:1      | Upgraded the game from 0.31-a0-700-gf13585253f to
                  | 0.31-a0-818-ge7c7cf74f0
   646 | D:1      | Reached XP level 3. HP: 35/35 MP: 3/3
  1065 | D:2      | Slain by a kobold

Illustrated notes

Levels and vault maps discovered:
D:1:      tarquinn_simple_flora_water_b, layout_basic,
          ebering_ecumenical_altar_hall
D:2:      layout_rooms, basic_altar, minmay_pentomino_x2, uniq_jessica

Action                     || total
---------------------------++-------
  Melee: Mace              ||    64
         Bite              ||     7
   Stab: Sleeping          ||     1
 Armour: Animal skin       ||    85
  Dodge: Dodged            ||    84

Table legend: (Time is in decaauts)
 A = Elapsed time spent in this place.
 B = Non-inter-level travel time spent in this place.
 C = Inter-level travel time spent in this place.
 D = Time resting spent in this place.
 E = Time spent auto-exploring this place.
 F = Levels seen in this place.
 G = Mean time per level.
                   A        B        C        D        E       F      G
               +--------+--------+--------+--------+--------+-----+--------+
         Total |   1069 |   1069 |      0 |     88 |    568 |   2 |  534.5 |
       Dungeon |   1069 |   1069 |      0 |     88 |    568 |   2 |  534.5 |
               +--------+--------+--------+--------+--------+-----+--------+

Top non-repeatable levels by time:
     D:1: 1056 daAuts
     D:2: 13 daAuts
